 Dungeon Crawl Stone Soup version 0.24.0-123-gd5b16e6ec5 (webtiles) character file.

Game seed: 15256316031491619036, levelgen mode: deterministic

210 Bluestream the Cleaver (level 5, 0/53 HPs)
             Began as a Hill Orc Fighter on Feb 4, 2020.
             Succumbed to a scorpion's poison
             ... on level 3 of the Dungeon.
             The game lasted 00:02:35 (1722 turns).

Bluestream the Cleaver (Hill Orc Fighter)           Turns: 1722, Time: 00:02:36

Health: 0/53       AC:  8    Str: 18 (20) XL:     5   Next: 87%
Magic:  5/5        EV:  7    Int: 11 (13) God:
Gold:   99         SH:  8    Dex:  7 (10) Spells: 4/4 levels left

rFire    . . .     SeeInvis .   a - +0 war axe
rCold    . . .     Gourm    .   c - +0 shield
rNeg     . . .     Faith    .   b - +0 scale mail
rPois    .         Spirit   .   (no helmet)
rElec    .         Reflect  .   (no cloak)
rCorr    .         Harm     .   (no gloves)
MR       .....                  (no boots)
Stlth    ..........             (no amulet)
HPRegen  0.17/turn              g - ring of wizardry
MPRegen  0.09/turn              (no ring)

@: brilliant, lethally poisoned (0 -> -4), berserk cooldown
A: no striking features
a: no special abilities


You were on level 3 of the Dungeon.
You were hungry.

You visited 1 branch of the dungeon, and saw 3 of its levels.

You collected 99 gold pieces.

Inventory:

Hand Weapons
 a - a +0 war axe (weapon)
Armour
 b - a +0 scale mail (worn)
 c - a +0 shield (worn)
Jewellery
 g - a ring of wizardry (left hand)
Scrolls
 e - a scroll of enchant weapon {unknown}
 h - a scroll of amnesia {unknown}
 j - a scroll of identify {unknown}
 k - 2 scrolls of enchant armour {unknown}
 n - a scroll of remove curse {unknown}
 p - 3 scrolls of teleportation {unknown}
Potions
 d - a potion of might
 r - a potion of curing {unknown}
Comestibles
 f - 4 rations


   Skills:
 + Level 8.3 Fighting
 + Level 11.1 Axes
 + Level 7.5 Armour
 - Level 3.2 Shields


You had 4 spell levels left.
You didn't know any spells.
Your spell library was empty.

Dungeon Overview and Level Annotations

Branches:
Dungeon (3/15)

Altars:
Qazlal


Message History

Your Axes skill gained 7 levels and is now at level 11!
Your Armour skill gained 3 levels and is now at level 7!
You have reached level 5!
You feel stronger.
* * * LOW HITPOINT WARNING * * *
You feel sick.
It was a potion of degeneration.
There was something very wrong with that liquid.
You feel weakened.
You feel dopey.
You feel clumsy.
* * * LOW HITPOINT WARNING * * *
You feel sick.
It was a potion of cancellation.
Your magical effects are unravelling.
You feel magically purged.
You feel yourself speed up.
* * * LOW HITPOINT WARNING * * *
You feel sick.
It was a potion of brilliance.
You feel clever all of a sudden.
You die...

#...)..####[.##...
#(####..........# #.#
####.....## #.#
##...####.. #####.#
##........ ......#
#.####### #####.# #.#
#.# ##'## ####.#
#..@# #....# #....†#
#.##.## #.......#
##.#...####.........#
..........+.........+
.......####.........#
#...#.## ##.......##
.#.#.## ##.....##
##..#.#


There were no monsters in sight!

Vanquished Creatures
  A scorpion (D:3)
  An adder (D:2)
  An ooze (D:2)
  2 worms (D:2)
  A dart slug (D:1)
  A leopard gecko (D:1)
  2 giant cockroaches
  6 hobgoblins
  8 jackals (D:2)
  2 kobolds
  A quokka (D:2)
  2 bats
  A frilled lizard (D:1)
  3 goblins
  4 rats
36 creatures vanquished.

Notes
Turn   | Place    | Note
-------+----------+-------------------------------------------
     0 | D:1      | Bluestream the Hill Orc Fighter began the quest for the
                  | Orb.
     0 | D:1      | Reached XP level 1. HP: 19/19 MP: 1/1
   172 | D:1      | Reached skill level 3 in Axes
   191 | D:1      | Reached XP level 2. HP: 27/27 MP: 2/2
  1000 | D:2      | Reached XP level 3. HP: 25/33 MP: 3/3
  1006 | D:2      | Noticed an earth elemental
  1427 | D:2      | Noticed a water elemental
  1429 | D:2      | Found a stormy altar of Qazlal.
  1430 | D:2      | Noticed a fire elemental
  1430 | D:2      | Noticed an air elemental
  1614 | D:3      | Reached XP level 4. HP: 39/41 MP: 4/4
  1711 | D:3      | Reached skill level 4 in Axes
  1718 | D:3      | HP: 2/41 [poisoned by a scorpion]
  1719 | D:3      | Reached skill level 11 in Axes
  1719 | D:3      | Reached XP level 5. HP: 3/53 MP: 5/5
  1722 | D:3      | Succumbed to a scorpion's poison

Levels and vault maps discovered:
D:1:      dpeg_arrival_arbitrary_a, layout_basic
D:2:      layout_rooms, nicolae_qazlal_style_of_elements
D:3:      layout_loops_corners, lemuel_round_altar, first_ration

Skill      XL: |  1  2  3  4 |
---------------+-------------+-----
Axes           | 3 11 | 11.1
Fighting       | 4 8 |  8.3
Armour         | 4 7 |  7.5
Shields        | |  3.2

Action                   |  1- 3 |  4- 6 || total
-------------------------+-------+-------++-------
Melee: War axe           |   100 |    16 ||   116
  Use: Potion            |       |     5 ||     5
  Eat: Chunk             |     2 |       ||     2
Armor: Scale mail        |    36 |     4 ||    40
Dodge: Dodged            |    30 |     3 ||    33
Block: Shield            |    58 |     7 ||    65
